 Dungeon Crawl Stone Soup version 0.28-a0-1002-gf00fe891ef (webtiles) character file.

Game seed: 9690755474681976274

533 enile the Skirmisher (level 7, -4/54 HPs)
             Began as a Djinni Cinder Acolyte on Dec 7, 2021.
             Was an Elder of Ignis.
             Shot with an arrow by a centaur (7 damage)
             ... on level 5 of the Dungeon.
             The game lasted 00:09:56 (6961 turns).

enile the Skirmisher (Djinni Cinder Acolyte)        Turns: 6961, Time: 00:09:57

Health: -4/54      AC:  3    Str: 13    XL:     7   Next: 49%
Gold:   210        EV: 11    Int: 18    God:    Ignis [****..] SH:  0 Dex:  8

rFire   + + +      SeeInvis .   r - +1 dagger (venom)
rCold   x . .      Faith    .   (no shield)
rNeg    . . .      Spirit   .   j - +0 leather armour
rPois   ∞          Reflect  .   (no helmet)
rElec   .          Harm     .   (no cloak)
rCorr   .          Rampage  .   (no gloves)
Will    +....                   (boots unavailable)
Stlth   +.........              (no amulet)
HPRegen 0.18/turn               m - ring of willpower
MPRegen 0.00/turn               (no ring)

@: flying, invisible
A: sickness immunity, fire resistance 2, cold vulnerability 1, float, innate
caster, hp casting, extra vitality 1
a: Renounce Religion, Fiery Armour, Foxfire Swarm, Rising Flame


You were on level 5 of the Dungeon.
You worshipped Ignis.
Ignis was greatly pleased with you.
You visited 1 branch of the dungeon, and saw 5 of its levels.

You collected 210 gold pieces.

Inventory:

Hand Weapons
 b - a +0 dagger
 n - a +0 whip of pain
 r - a +1 dagger of venom (weapon)
 s - a +0 falchion
Missiles
 g - 39 poisoned darts
Armour
 a - a +0 robe
 j - a +0 leather armour (worn)
 t - a +0 helmet
 A - the +0 ring mail of Gyel {Str+4}
   (You found it on level 5 of the Dungeon)

   Str:       It affects your strength (+4).
Jewellery
 m - a ring of willpower (left hand)
 y - a ring of willpower
Wands
 z - a wand of charming (9)
Scrolls
 c - 6 scrolls of identify {unknown}
 d - 2 scrolls of magic mapping {unknown}
 e - a scroll of amnesia {unknown}
 h - a scroll of immolation {unknown}
 l - 2 scrolls of teleportation {unknown}
 u - a scroll of silence {unknown}
 w - a scroll of fear {unknown}
Potions
 f - 3 potions of attraction {unknown}
 i - a potion of haste {unknown}
 k - a potion of invisibility
 o - a potion of mutation {unknown}
 p - 3 potions of berserk rage {unknown}
 q - 2 potions of brilliance {unknown}
 v - a potion of lignification {unknown}
 x - a potion of degeneration {unknown}


   Skills:
 - Level 5.0 Fighting
 - Level 3.0 Armour
 - Level 3.0 Dodging
 - Level 3.0 Unarmed Combat
 + Level 4.0 Spellcasting
 - Level 1.0 Evocations


You had 6 spell levels left.
You knew the following spells:

 Your Spells              Type           Power      Damage    Failure   Level
a - Scorch                Fire           36%        2d7       5%          2
b - Summon Small Mammal   Summ           72%        N/A       3%          1
c - Static Discharge      Conj/Air       18%        N/A       5%          2
d - Mephitic Cloud        Conj/Pois/Air  18%        N/A       11%         3
Your spell library was empty.

Dungeon Overview and Level Annotations

Branches:
Dungeon (5/15)
 Temple: D:4-7

Altars:
Makhleb

Annotations:
D:5 1 runed translucent door, Crazy Yiuf


Innate Abilities, Weirdness & Mutations

You are immune to sickness and miasma.
You are immune to poison.
Your flesh is very heat resistant. (rF++)
You are vulnerable to cold. (rC-)
You float through the air rather than walking.
You learn spells naturally, not from books.
Your magical power is your life essence.
You have superior vitality. (+4 HP)


Message History

The foxfire hits the iguana.
The iguana is heavily wounded.
The centaur wields a +0 shortbow.
The centaur shoots an arrow.
The arrow closely misses you.
The foxfire hits the iguana.
The iguana is severely wounded.
The foxfire hits the iguana.
The iguana is severely wounded.
Okay, then.
Aiming: Charm
Press: ? - help, Shift-Dir - straight line, f - centaur
Aim: a centaur, wielding a +0 shortbow and quivering arrows (lightly wounded, chance to affect: 49%)
Okay, then.
Your foxfire dissipates!
The centaur shoots an arrow.
The arrow barely misses you.
Casting: Scorch (safe; 5% risk of failure)
Confirm with . or Enter, or press ? or * to list all spells.
Aiming: Mephitic Cloud (dangerous; 11% risk of failure)
Press: ? - help, Shift-Dir - straight line The ball explodes into a vile cloud!
The stinking cloud engulfs the centaur but does no damage.
The centaur is lightly wounded.
The stinking cloud engulfs the iguana but does no damage.
The iguana is severely wounded.
* * * LOW HITPOINT WARNING * * *
You hear an angry hiss.
The iguana is engulfed in noxious fumes.
The centaur shoots an arrow.
The arrow hits you!
* * * LOW HITPOINT WARNING * * *
Okay, then.
It was a potion of invisibility.
You fade into invisibility!
The centaur shoots an arrow.
The arrow barely misses you.
The iguana is engulfed in noxious fumes.
The iguana appears confused.
Okay, then.
Aiming: Charm
Press: ? - help, Shift-Dir - straight line, f - iguana
Aim: an iguana (noxious fumes, almost dead, confused, chance to affect: 57%)
The iguana is charmed.
The centaur shoots an arrow.
The arrow hits you!
You die...

#...........#..#.###.#####
#...###.##..#..#.###.#
##### #.##...........#
#........#######
#####.#### #### #.####
...## #.#.. #..###.#.#
#.≈.#.#@# #...#.#.####..#
##....cl.......
#.†...○##.#..# ##...○○##.#
#........# ##.........
#...###### #...#


You could see a centaur and a friendly iguana (charmed, confused).

Vanquished Creatures
  A sky beast (D:5)
  A centaur (D:5)
  A scorpion (D:4)
  A water moccasin zombie (D:5)
  A bullfrog skeleton (D:4)
  An orc wizard (D:3)
  Robin (D:3)
  A howler monkey skeleton (D:5)
  6 adders
  An ufetubus (D:4)
  2 worms
  5 orcs (D:3)
  4 endoplasms
  14 goblins
  8 hobgoblins
  15 jackals
  3 quokkas
  5 ball pythons
  2 bats
  5 kobolds
  4 rats
82 creatures vanquished.

Vanquished Creatures (collateral kills)
  A hound zombie (D:4)
  An ufetubus (D:4)
  An endoplasm (D:4)
  A goblin (D:3)
  A hobgoblin (D:3)
  2 jackals
7 creatures vanquished.

Vanquished Creatures (others)
  30 foxfires
30 creatures vanquished.

Grand Total: 119 creatures vanquished

Notes
Turn   | Place    | Note
-------+----------+-------------------------------------------
     0 | D:1      | enile the Djinni Cinder Acolyte began the quest for the
                  | Orb.
     0 | D:1      | Reached XP level 1. HP: 20/20 MP: 0/0
   361 | D:1      | Reached XP level 2. HP: 17/25 MP: 0/0
   824 | D:1      | Reached skill level 1 in Dodging
   971 | D:1      | Reached XP level 3. HP: 24/30 MP: 0/0
   971 | D:1      | Learned a level 1 spell: Summon Small Mammal
  2053 | D:2      | Reached XP level 4. HP: 31/35 MP: 0/0
  3007 | D:3      | Reached skill level 4 in Fighting
  3328 | D:3      | Reached XP level 5. HP: 37/41 MP: 0/0
  3328 | D:3      | Learned a level 2 spell: Static Discharge
  4096 | D:3      | Noticed Robin
  4142 | D:3      | Killed Robin
  4728 | D:4      | Reached XP level 6. HP: 15/47 MP: 0/0
  5059 | D:4      | Found a burning altar of Makhleb.
  5398 | D:4      | Reached skill level 1 in Armour
  5893 | D:5      | Entered Level 5 of the Dungeon
  5937 | D:5      | Found a runed translucent door.
  5938 | D:5      | Noticed Crazy Yiuf
  6042 | D:5      | Reached skill level 1 in Evocations
  6042 | D:5      | Reached XP level 7. HP: 29/53 MP: 0/0
  6042 | D:5      | Learned a level 3 spell: Mephitic Cloud
  6775 | D:5      | Reached skill level 5 in Fighting
  6941 | D:5      | Identified the +0 ring mail of Gyel {Str+4}
  6961 | D:5      | Shot with an arrow by a centaur

Illustrated notes

Levels and vault maps discovered:
D:1:      nzn_arrival_settlement, layout_basic, minivault_23
D:2:      wad_pebble_path, layout_basic
D:3:      kennysheep_goblin_castle, layout_rooms,
          hangedman_abyss_or_decor_stabs, grunt_decor_mini_mirrors,
          chequers_serial_rivers_large_a
D:4:      layout_basic, lemuel_tele_altar, st_stairs_3
D:5:      layout_loops_corners, minmay_manual_mandibuliform,
          uniq_crazy_yiuf_cottage

Skill      XL: |  1  2  3  4  5  6  7 |
---------------+----------------------+-----
Spellcasting   | 3 4 |  4.0
Dodging        | 1 2 3 |  3.0
Fighting       | 4 5 |  5.0
Armour         | 2 3 |  3.0
Evocations     | 1 |  1.0
Unarmed Combat | |  3.0

Action                   |  1- 3 |  4- 6 |  7- 9 || total
-------------------------+-------+-------+-------++-------
Melee: Unarmed           |     9 |       |       ||     9
       Dagger            |     6 |    32 |    15 ||    53
       Whip              |       |     2 |       ||     2
       Punch             |       |     1 |       ||     1
 Cast: Scorch            |    28 |    61 |    12 ||   101
       Summon Small Mamm |     4 |    56 |     5 ||    65
       Mephitic Cloud    |       |       |     3 ||     3
Invok: Foxfire Swarm     |     1 |     1 |     1 ||     3
Evoke: Wand              |       |       |     1 ||     1
  Use: Potion            |       |       |     1 ||     1
Armor: Robe              |     2 |    17 |     4 ||    23
       Leather armour    |       |       |     2 ||     2
Dodge: Dodged            |    23 |    70 |    28 ||   121

Table legend: (Time is in decaauts)
 A = Elapsed time spent in this place.
 B = Non-inter-level travel time spent in this place.
 C = Inter-level travel time spent in this place.
 D = Time resting spent in this place.
 E = Time spent auto-exploring this place.
 F = Levels seen in this place.
 G = Mean time per level.
                   A        B        C        D        E       F      G
               +--------+--------+--------+--------+--------+-----+--------+
         Total |   6958 |   6869 |     89 |    155 |   5951 |   5 | 1391.6 |
       Dungeon |   6958 |   6869 |     89 |    155 |   5951 |   5 | 1391.6 |
               +--------+--------+--------+--------+--------+-----+--------+

Top non-repeatable levels by time:
     D:3: 2133 daAuts
     D:1: 1480 daAuts
     D:4: 1237 daAuts
     D:5: 1067 daAuts
     D:2: 1040 daAuts
